 Dungeon Crawl Stone Soup version 0.29-a0-887-gcbe080d7e0 (webtiles) character file.

Game seed: 1540591953116606378

1243 jimonade the Skirmisher (level 8, -6/64 HPs)
             Began as a Gnoll Hunter on July 21, 2022.
             Was a Follower of Okawaru.
             Mangled by an ice beast (10 damage)
             ... on level 6 of the Dungeon.
             The game lasted 00:10:56 (4502 turns).

jimonade the Skirmisher (Gnoll Hunter)              Turns: 4502, Time: 00:10:57

Health: -6/64      AC:  4    Str: 12    XL:     8   Next: 50%
Magic:  13/13      EV: 14    Int: 10    God:    Okawaru [*.....]
Gold:   293        SH:  0    Dex: 15    Spells: 13/13 levels left

rFire   . . .      SeeInvis .   a - +0 shortbow
rCold   . . .      Faith    .   (shield currently unavailable)
rNeg    . . .      Spirit   .   c - +0 leather armour
rPois   +          Reflect  .   y - +0 helmet
rElec   .          Harm     .   q - scarf {repulsion}
rCorr   .          Rampage  .   (no gloves)
Will    .....                   (no boots)
Stlth   ++........              h - amulet of regeneration
HPRegen 1.00/turn               f - ring of poison resistance
MPRegen 0.13/turn               (no ring)

@: repel missiles
A: fangs 1, strong nose, distributed training
a: Renounce Religion, Heroism


You were on level 6 of the Dungeon.
You worshipped Okawaru.
Okawaru was aware of your devotion.
You visited 2 branches of the dungeon, and saw 7 of its levels.

You collected 293 gold pieces.

Inventory:

Hand Weapons
 a - a +0 shortbow (weapon)
 m - a +0 spear
 r - a +0 sling
 u - a +0 hand axe
 w - a +0 short sword
 z - a +2 flail of holy wrath
Missiles
 g - 9 boomerangs
 v - 26 stones
 A - a throwing net
Armour
 c - a +0 leather armour (worn)
 p - a +0 chain mail
 q - a scarf of repulsion (worn)
 y - a +0 helmet (worn)
 D - a +0 chain mail of willpower
 E - a +0 plate armour
Magical Staves
 n - a staff of air
Jewellery
 f - a ring of poison resistance (left hand)
 h - an amulet of regeneration (around neck)
 B - a ring of flight
Wands
 s - a wand of charming (15)
Scrolls
 b - 3 scrolls of immolation
 d - 2 scrolls of amnesia
 i - a scroll of blinking
 o - a scroll of teleportation
 C - a scroll of identify
Potions
 e - 3 potions of curing
 j - a potion of berserk rage {unknown}
 k - a potion of invisibility {unknown}
 l - 2 potions of mutation {unknown}
 t - 3 potions of ambrosia {unknown}
 x - a potion of magic {unknown}


   Skills:
 + Level 5.8 Fighting
 + Level 3.4 Short Blades
 + Level 3.4 Long Blades
 + Level 3.4 Axes
 + Level 3.4 Maces & Flails
 + Level 3.4 Polearms
 + Level 3.4 Staves
 + Level 9.2 Ranged Weapons
 + Level 3.4 Throwing
 + Level 3.4 Armour
 + Level 5.8 Dodging
 + Level 4.2 Stealth
 + Level 3.4 Shields
 + Level 3.4 Unarmed Combat
 + Level 3.4 Spellcasting
 + Level 2.8 Conjurations
 + Level 2.8 Hexes
 + Level 2.8 Summonings
 + Level 2.8 Necromancy
 + Level 2.8 Translocations
 + Level 2.8 Transmutations
 + Level 2.8 Fire Magic
 + Level 2.8 Ice Magic
 + Level 2.8 Air Magic
 + Level 2.8 Earth Magic
 + Level 2.8 Poison Magic
 + Level 3.8 Invocations
 + Level 3.4 Evocations


You had 13 spell levels left.
You didn't know any spells.
Your spell library contained the following spells:

 Spells                   Type           Power      Damage    Failure   Level
 Necrotise                Necr           28%        1d5       11%         1
 Static Discharge         Conj/Air       7%         3-4/arc   16%         2
 Conjure Flame            Conj/Fire      7%         6-21      32%         3
 Hailstorm                Conj/Ice       7%         3d4       71%         4
 Ice Form                 Ice/Tmut       7%         N/A       71%         4
 Agony                    Necr           7%         N/A       96%         5
 Freezing Cloud           Conj/Ice/Air   3%         6-21      96%         5
 Borgnjor's Revivificati  Necr           3%         N/A       100%        8
 Simulacrum               Ice/Necr       Unusable   N/A       N/A         6
 Spellforged Servitor     Conj/Summ      Unusable   N/A       N/A         7

Dungeon Overview and Level Annotations

Branches:
Dungeon (6/15)             Temple (1/1) D:4

Altars:
Ashenzari
Dithmenos
Elyvilon
Fedhas
Hepliaklqana
Okawaru
Qazlal
Xom
Zin
The Shining One

Shops:
D:5 [

Annotations:
D:5 exclusion: downstairs
D:6 Blork the orc, Edmund


Innate Abilities, Weirdness & Mutations

You have very sharp teeth.
Your uncanny sense of smell can sniff out nearby items.
Your experience applies equally to all skills.


Message History

The ice beast is heavily wounded.
You shoot an arrow. The arrow closely misses the ice beast.
You shoot an arrow.
The arrow hits the ice beast but does no damage.
The ice beast is heavily wounded.
The ice beast hits you. The ice beast freezes you!
You shoot an arrow. The arrow closely misses the ice beast.
The ice beast completely misses you.
An orc warrior comes into view. It is wielding a +0 mace.
The ice beast hits you. The ice beast freezes you!
You shoot an arrow. The arrow hits the ice beast.
The ice beast is severely wounded.
The ice beast hits you. The ice beast freezes you.
You are too injured to fight recklessly!
You are too injured to fight recklessly!
You are too injured to fight recklessly!
The ice beast attacks as you move away! The ice beast barely misses you.
The ice beast attacks as you move away!
The ice beast hits you but does no damage.
Blork the orc and an orc come into view.
The orc shouts!
The ice beast attacks as you move away! The ice beast hits you.
The ice beast freezes you!
Blork the orc points at you and mumbles some strange words.
The puff of flame hits you.
Blork the orc gestures wildly while chanting.
Blork the orc seems to speed up.
The ice beast attacks as you move away! The ice beast barely misses you.
The ice beast attacks as you move away!
The ice beast hits you but does no damage.
The ice beast attacks as you move away! The ice beast closely misses you.
The ice beast attacks as you move away! The ice beast hits you.
The ice beast freezes you! The ice beast attacks as you move away!
The ice beast hits you. The ice beast freezes you!
* * * LOW HITPOINT WARNING * * *
The ice beast attacks as you move away! The ice beast hits you.
* * * LOW HITPOINT WARNING * * *
The ice beast freezes you!
You die...

.....†###. #..≈≈...###.......# #.
#....≈###.##..≈≈.....##.#.#.## ##
#.....##....#...o.###.##...## #
#......>....###..###..#..#..# #
......##....###[......##...## #
#.....##...#...#oo.....##.## ##
########...#...........#...# #.
#...##.##Y....####.## #.
#......##@....## #.#.####.
#.###..........# #.#......
########.###..####.#..###.######.
..............# #.#..#...## #.
######.###..####.#.......# #.
########...................## #.
.........[...#.###.##..#....## #.
#####........#.# #......>#.#.###.
#.########.######)...........


You could see Blork the orc (fast), an orc warrior, an ice beast and an orc.

Vanquished Creatures
  A sky beast (D:6)
  An ice beast (D:5)
  3 ogres
  A centaur (D:6)
  3 scorpions
  A howler monkey (D:6)
  An orc priest (D:6)
  3 hounds
  3 iguanas
  An orc wizard (D:6)
  Natasha (thrice) (D:2)
  4 gnolls (D:4)
  8 adders
  2 white imps
  A worm (D:3)
  2 dart slugs
  12 orcs
  6 ball pythons
  6 endoplasms
  5 giant cockroaches
  4 hobgoblins
  5 jackals
  6 kobolds
  4 quokkas
  A bat (D:3)
  3 frilled lizards
  7 goblins
  3 rats
100 creatures vanquished.

Notes
Turn   | Place    | Note
-------+----------+-------------------------------------------
     0 | D:1      | jimonade the Gnoll Hunter began the quest for the Orb.
     0 | D:1      | Reached XP level 1. HP: 20/20 MP: 1/1
   113 | D:1      | Reached XP level 2. HP: 26/26 MP: 2/2
   239 | D:1      | You fall into a shaft and drop 1 floor!
   281 | D:2      | Noticed Natasha
   288 | D:2      | Killed Natasha
   289 | D:2      | Reached skill level 1 in Invocations
   289 | D:2      | Reached XP level 3. HP: 22/31 MP: 2/4
   345 | D:2      | Reached skill level 1 in Short Blades
   345 | D:2      | Reached skill level 1 in Long Blades
   345 | D:2      | Reached skill level 1 in Axes
   345 | D:2      | Reached skill level 1 in Maces & Flails
   345 | D:2      | Reached skill level 1 in Polearms
   345 | D:2      | Reached skill level 1 in Staves
   345 | D:2      | Reached skill level 1 in Throwing
   345 | D:2      | Reached skill level 1 in Armour
   345 | D:2      | Reached skill level 1 in Shields
   345 | D:2      | Reached skill level 1 in Unarmed Combat
   345 | D:2      | Reached skill level 1 in Spellcasting
   345 | D:2      | Reached skill level 1 in Evocations
   423 | D:2      | Noticed Natasha
   433 | D:2      | Killed Natasha
   434 | D:2      | Reached XP level 4. HP: 29/38 MP: 5/5
   557 | D:2      | Got the Exposition on Arcane Weapons and Blasphemous Arts
   591 | D:2      | Reached skill level 1 in Conjurations
   591 | D:2      | Reached skill level 1 in Hexes
   591 | D:2      | Reached skill level 1 in Summonings
   591 | D:2      | Reached skill level 1 in Necromancy
   591 | D:2      | Reached skill level 1 in Translocations
   591 | D:2      | Reached skill level 1 in Transmutations
   591 | D:2      | Reached skill level 1 in Fire Magic
   591 | D:2      | Reached skill level 1 in Ice Magic
   591 | D:2      | Reached skill level 1 in Air Magic
   591 | D:2      | Reached skill level 1 in Earth Magic
   591 | D:2      | Reached skill level 1 in Poison Magic
   598 | D:2      | Noticed Natasha
   858 | D:2      | Killed Natasha
  1215 | D:3      | Reached XP level 5. HP: 43/43 MP: 7/7
  1545 | D:3      | Found a shadowy altar of Dithmenos.
  1794 | D:4      | Noticed an ogre
  1807 | D:4      | Killed an ogre
  1808 | D:4      | Reached XP level 6. HP: 21/50 MP: 8/8
  1858 | D:4      | Found a glowing silver altar of Zin.
  1859 | D:4      | Found a stormy altar of Qazlal.
  1862 | D:4      | Noticed a fire elemental
  1863 | D:4      | Noticed a water elemental
  1863 | D:4      | Noticed an air elemental
  1906 | D:4      | Got the Monograph on Energetic Despicable Deeds
  1983 | D:4      | Reached skill level 5 in Fighting
  1983 | D:4      | Reached skill level 5 in Dodging
  2318 | D:4      | Found a staircase to the Ecumenical Temple.
  2334 | Temple   | Entered the Ecumenical Temple
  2450 | Temple   | Became a worshipper of Warmaster Okawaru
  2496 | D:4      | Reached XP level 7. HP: 56/56 MP: 10/10
  2889 | D:5      | Entered Level 5 of the Dungeon
  3025 | D:5      | Found a broken altar of Ashenzari.
  3263 | D:5      | Reached skill level 9 in Ranged Weapons
  3332 | D:5      | Found Teatu's Antique Armour Boutique.
  3573 | D:5      | Reached * piety under Okawaru
  3836 | D:6      | Reached XP level 8. HP: 63/63 MP: 12/12
  4229 | D:6      | Noticed Edmund
  4484 | D:6      | Noticed Blork the orc
  4502 | D:6      | Mangled by an ice beast

Illustrated notes

Levels and vault maps discovered:
D:1:      dpeg_arrival_stone_temple_mockup, layout_basic, hex_tiny,
          grunt_decor_junction
D:2:      layout_loops_cross, uniq_natasha
D:3:      layout_loops_ring, nicolae_overflow_crystal_walls,
          minmay_misc_feat_chi
D:4:      layout_loops_ring, lemuel_crystal_altar,
          nicolae_qazlal_style_of_elements, minmay_temple_entry_stoned_glass,
          chequers_serial_rivers_large_a
D:5:      layout_gridville, mainiacjoe_overflow_chevrons, serial_shops,
          nicolae_shop_trees
D:6:      minmay_spotlight, layout_loops_ring, serial_rivers,
          chequers_serial_rivers_room_b, chequers_serial_rivers_micro_c,
          chequers_serial_rivers_room_b, chequers_serial_rivers_micro_e,
          chequers_serial_rivers_small_3, uniq_edmund, uniq_blork_the_orc
Temple:   nicolae_temple_two_arcs

Skill      XL: |  1  2  3  4  5  6  7  8 |
---------------+-------------------------+-----
Invocations    | 1 2 3 |  3.8
Short Blades   | 1 2 3 |  3.4
Long Blades    | 1 2 3 |  3.4
Axes           | 1 2 3 |  3.4
Maces & Flails | 1 2 3 |  3.4
Polearms       | 1 2 3 |  3.4
Staves         | 1 2 3 |  3.4
Throwing       | 1 2 3 |  3.4
Armour         | 1 2 3 |  3.4
Shields        | 1 2 3 |  3.4
Unarmed Combat | 1 2 3 |  3.4
Spellcasting   | 1 2 3 |  3.4
Evocations     | 1 2 3 |  3.4
Conjurations   | 1 2 |  2.8
Hexes          | 1 2 |  2.8
Summonings     | 1 2 |  2.8
Necromancy     | 1 2 |  2.8
Translocations | 1 2 |  2.8
Transmutations | 1 2 |  2.8
Fire Magic     | 1 2 |  2.8
Ice Magic      | 1 2 |  2.8
Air Magic      | 1 2 |  2.8
Earth Magic    | 1 2 |  2.8
Poison Magic   | 1 2 |  2.8
Stealth        | 3 4 |  4.2
Fighting       | 5 |  5.8
Dodging        | 5 |  5.8
Ranged Weapons | 9 |  9.2

Action                   |  1- 3 |  4- 6 |  7- 9 || total
-------------------------+-------+-------+-------++-------
 Fire: Shortbow          |    45 |   189 |   183 ||   417
  Use: Scroll            |       |       |     5 ||     5
Armor: Leather armour    |     1 |     8 |    15 ||    24
Dodge: Dodged            |     6 |    50 |    74 ||   130
       Repelled          |       |       |     1 ||     1

Table legend: (Time is in decaauts)
 A = Elapsed time spent in this place.
 B = Non-inter-level travel time spent in this place.
 C = Inter-level travel time spent in this place.
 D = Time resting spent in this place.
 E = Time spent auto-exploring this place.
 F = Levels seen in this place.
 G = Mean time per level.
                   A        B        C        D        E       F      G
               +--------+--------+--------+--------+--------+-----+--------+
         Total |   4560 |   4214 |    346 |     11 |   3263 |   7 |  651.4 |
       Dungeon |   4436 |   4097 |    339 |     11 |   3157 |   6 |  739.3 |
        Temple |    124 |    117 |      7 |      0 |    106 |   1 |  124.0 |
               +--------+--------+--------+--------+--------+-----+--------+

Top non-repeatable levels by time:
     D:4: 1049 daAuts
     D:5: 956 daAuts
     D:2: 841 daAuts
     D:6: 677 daAuts
     D:3: 668 daAuts
     D:1: 241 daAuts
  Temple: 124 daAuts
